 Dungeon Crawl Stone Soup version 0.23.2-33-g5129a83184 (webtiles) character file.

Game seed: 11503691263038061433

25 Electrofox the Ruffian (level 2, -12/23 HPs)
             Began as a Draconian Transmuter on Aug 3, 2019.
             Mangled by a gnoll
             ... wielding a +1 halberd of protection
              (13 damage)
             ... on level 1 of the Dungeon.
             The game lasted 00:03:28 (730 turns).

Electrofox the Ruffian (Draconian Transmuter)        Turns: 730, Time: 00:03:29

Health: -12/23     AC:  4    Str: 12    XL:     2   Next: 82%
Magic:  4/5        EV: 12    Int: 13    God:
Gold:   26         SH:  0    Dex: 11    Spells: 4/5 levels left

rFire    . . .     SeeInvis .   d - +0 dagger
rCold    . . .     Gourm    .   (no shield)
rNeg     . . .     Faith    .   (armour unavailable)
rPois    .         Spirit   .   (helmet restricted)
rElec    .         Reflect  .   (no cloak)
rCorr    .         Harm     .   (no gloves)
MR       .....                  (no boots)
Stlth    +.........             (no amulet)
HPRegen  0.07/turn              (no ring)
MPRegen  0.09/turn              (no ring)

@: very slightly contaminated
A: unfitting armour, cold-blooded, AC +4
a: no special abilities


You were on level 1 of the Dungeon.
You were not hungry.

You visited 1 branch of the dungeon, and saw 1 of its levels.

You collected 26 gold pieces.

Inventory:

Hand Weapons
 d - a +0 dagger (weapon)
Missiles
 a - 12 arrows
 b - 20 sling bullets
 e - 13 poisoned needles
Scrolls
 g - a scroll of identify {unknown}
Potions
 h - a potion of flight {unknown}
Comestibles
 c - 2 rations
 f - a chunk of flesh


   Skills:
 - Level 1.1 Fighting
 - Level 1.7 Dodging
 - Level 3.0 Unarmed Combat
 + Level 2.4 Spellcasting
 * Level 3.0 Transmutations


You had 4 spell levels left.
You knew the following spells:

 Your Spells              Type           Power        Failure   Level  Hunger
a - Beastly Appendage     Tmut           #.....       7%          1    #......

Your spell library contained the following spells:

 Spells                   Type           Power        Failure   Level  Hunger
 Sticks to Snakes         Tmut           #.......     11%         2    ###....
 Spider Form              Tmut/Pois      #.........   36%         3    ###....
 Ice Form                 Ice/Tmut       #.......     78%         4    #####..
 Blade Hands              Tmut           #.........   88%         5    ######.


Dungeon Overview and Level Annotations

Branches:
Dungeon (1/15)

Altars:


Innate Abilities, Weirdness & Mutations

Your plain brown scales are hard. (AC +4)
You cannot fit into any form of body armour.
You are cold-blooded and may be slowed by cold attacks.


Message History

The gnoll barely misses you.
You hit the gnoll but do no damage.
You tail-slap the gnoll, but do no damage.
The gnoll is moderately wounded.
The bat misses you. The gnoll barely misses you.
You hit the gnoll.
The gnoll is severely wounded.
The bat barely misses you.
You barely miss the gnoll.
The gnoll is severely wounded.
The bat closely misses you.
The gnoll hits you with a +1 halberd of protection!
Ouch! That really hurt!
* * * LOW HITPOINT WARNING * * *
You hit the gnoll but do no damage.
The gnoll is severely wounded.
The bat hits you but does no damage.
The gnoll hits you with a +1 halberd of protection!
Ouch! That really hurt!
You die...

#.........#......#......#
##........+..............
#........#..............
##+#....................
#........###+##+#.......
#.......................
#.........b.......#.....
#......g..........#.....
#......@..........##....
###................##....
#........................
#........................
#........................
#........................
#........####.#.#####..
#........# #.#.#
#...#'##.# #.#.#########


You could see a gnoll and a bat.

Vanquished Creatures
  An ooze (D:1)
  A giant cockroach (D:1)
  5 hobgoblins (D:1)
  3 bats (D:1)
  2 frilled lizards (D:1)
  4 goblins (D:1)
  3 kobolds (D:1)
19 creatures vanquished.

Notes
Turn   | Place    | Note
-------+----------+-------------------------------------------
     0 | D:1      | Electrofox the Draconian Transmuter began the quest for the
                  | Orb.
     0 | D:1      | Reached XP level 1. HP: 16/16 MP: 3/3
    70 | D:1      | Reached XP level 2. HP: 23/23 MP: 5/5
   729 | D:1      | HP: 1/23 [gnoll/+1 halberd of protection (14)]
   730 | D:1      | Mangled by a gnoll

Skill      XL: |  1  2 |
---------------+-------+-----
Transmutations | 3 |  3.0
Fighting       | |  1.1
Dodging        | |  1.7
Unarmed Combat | |  3.0
Spellcasting   | |  2.4

Action                   || total
-------------------------++-------
Melee: Unarmed           ||    10
       Dagger            ||    82
       Tailslap          ||    10
       Kick              ||     3
       Headbutt          ||     1
 Cast: Beastly Appendage ||     3
Armor: Skin              ||    35
Dodge: Dodged            ||    87
